 Dungeon Crawl Stone Soup version 0.31-a0-1591-g515db51633 (webtiles) character file.

Game seed: 14321093911810434936

13 monsoonserge the Caller (level 2, 0/19 HPs)
             Began as a Barachi Summoner on Jan 6, 2024.
             Killed from afar by a dart slug (5 damage)
             ... with a slug dart
             ... on level 1 of the Dungeon.
             The game lasted 00:01:21 (371 turns).

monsoonserge the Caller (Barachi Summoner)           Turns: 371, Time: 00:01:22

Health: 0/19       AC:  2    Str:  9    XL:     2   Next: 37%
Magic:  3/5        EV: 12    Int: 15    God:
Gold:   35         SH:  0    Dex: 12    Spells: 4/5 levels left

rFire   . . .        d - +0 dagger
rCold   . . .        (no shield)
rNeg    . . .        a - +0 robe
rPois   .            (no helmet)
rElec   .            (no cloak)
rCorr   .            (no gloves)
SInv    .            (no boots)
Will    .....        (no amulet)
Stlth   ++           (no ring)
HPRegen 0.23/turn    (no ring)
MPRegen 0.09/turn

%: no passive effects
@: unable to hop, slow
A: amphibious, slowness 1, strong legs 1, +LOS
a: Hop


You were on level 1 of the Dungeon.
You visited 1 branch of the dungeon, and saw 1 of its levels.

You collected 35 gold pieces.

Inventory:

Hand Weapons
 d - a +0 dagger (weapon)
Armour
 a - a +0 robe (worn)
Scrolls
 c - a scroll of fear {unknown}
 h - a scroll of blinking {unknown}
 j - a scroll of butterflies {unknown}
Potions
 b - a potion of magic
 e - a potion of curing {unknown}
 f - a potion of berserk rage {unknown}
 g - a potion of invisibility {unknown}
 i - 2 potions of might {unknown}
 k - a potion of lignification {unknown}


   Skills:
 + Level 2.4 Dodging
 + Level 1.7 Stealth
 + Level 2.4 Spellcasting
 + Level 5.2 Summonings


You had 4 spell levels left.
You knew the following spells:

 Your Spells              Type           Power      Damage    Failure   Level
a - Summon Small Mammal   Summ           68%        N/A       2%          1

Your spell library contained the following spells:

 Spells                   Type           Power      Damage    Failure   Level
 Call Imp                 Summ           34%        N/A       3%          2
 Call Canine Familiar     Summ           17%        N/A       8%          3
 Summon Blazeheart Golem  Fire/Summ      9%         N/A       58%         4
 Summon Lightning Spire   Summ/Air       9%         N/A       58%         4


Dungeon Overview and Level Annotations

Branches:
Dungeon (1/15)

Altars:


Innate Abilities, Weirdness & Mutations

You are amphibious.
You cover ground slowly.
You can hop short distances.
You have an extended range of vision and can be seen from far away.


Message History

Your rat barely misses the hobgoblin.
You barely miss the hobgoblin. You punch the hobgoblin.
The hobgoblin is severely wounded.
Your bat closely misses the hobgoblin.
Your bat barely misses the dart slug.
The hobgoblin hits you but does no damage.
Your rat bites the hobgoblin but does no damage.
You hit the hobgoblin.
The hobgoblin is almost dead.
Your bat hits the hobgoblin.
The hobgoblin dies!
The dart slug bites you.
Your rat bites the dart slug.
Unknown command.
You hit the dart slug.
The dart slug is moderately wounded.
Your bat hits the dart slug. The dart slug launches a dart at you.
The slug dart hits you.
* * * LOW HITPOINT WARNING * * *
Your rat bites the dart slug.
Hop to where?
Press: ? - help, Dir - move target Boing!
Your bat hits the dart slug but does no damage.
Your rat bites the dart slug.
Your rat bites the dart slug but does no damage.
Your bat hits the dart slug.
The dart slug launches a dart at your bat.
The slug dart hits your bat.
Your bat dies!
Your bat's corpse disappears in a puff of smoke!
Casting: Summon Small Mammal (safe; 2% risk of failure)
Confirm with . or Enter, or press ? or * to list all spells.
Casting: Summon Small Mammal (safe; 2% risk of failure)
Confirm with . or Enter, or press ? or * to list all spells.
Your bat hits the dart slug but does no damage.
You swap places.
Your bat hits the dart slug but does no damage.
The dart slug launches a dart at you. The slug dart misses your rat.
The slug dart hits you.
You die...

..### ..#.. ..#.# ....#
#######...# #@..#.....#
.# #.#r##....# ####.. .#
#.#..w.†..# #≈≈≈~#
#.#.#.....b.r# #≈~≈#
#.#.#######..# ..≈≈##
#.#.# #..# ...~~## #.#.#.
##..# ....~~#+##
#.#.#..###...#
~....~...###.#.#........#


You could see a dart slug (ally target), a friendly bat (summoned) and a
friendly rat (summoned).

Vanquished Creatures
  A ball python (D:1)
  An endoplasm (D:1)
  A goblin (D:1)
  A frilled lizard (D:1)
  2 rats (D:1)
6 creatures vanquished.

Vanquished Creatures (collateral kills)
  A goblin (D:1)
  2 hobgoblins (D:1)
  2 bats (D:1)
  A rat (D:1)
6 creatures vanquished.

Grand Total: 12 creatures vanquished

Notes
Turn   | Place    | Note
-------+----------+-------------------------------------------
     0 | D:1      | monsoonserge the Barachi Summoner began the quest for the
                  | Orb.
     0 | D:1      | Reached XP level 1. HP: 13/13 MP: 3/3
    62 | D:1      | Reached skill level 5 in Summonings
   203 | D:1      | Reached XP level 2. HP: 19/19 MP: 1/5
   371 | D:1      | Killed from afar by a dart slug

Illustrated notes

Levels and vault maps discovered:
D:1:      enne_arrival_octagon_isle, layout_basic, minmay_tripent

Skill      XL: |  1 |
---------------+----+-----
Summonings     | 5 |  5.2
Dodging        | |  2.4
Stealth        | |  1.7
Spellcasting   | |  2.4

Action                     || total
---------------------------++-------
  Melee: Dagger            ||    38
         Unarmed           ||     3
         Punch             ||     1
   Cast: Summon Small Mamm ||    12
Ability: Hop               ||     1
   Stab: Sleeping          ||     1
 Armour: Robe              ||    35
  Dodge: Dodged            ||    37

Table legend: (Time is in decaauts)
 A = Elapsed time spent in this place.
 B = Non-inter-level travel time spent in this place.
 C = Inter-level travel time spent in this place.
 D = Time resting spent in this place.
 E = Time spent auto-exploring this place.
 F = Levels seen in this place.
 G = Mean time per level.
                   A        B        C        D        E       F      G
               +--------+--------+--------+--------+--------+-----+--------+
         Total |    414 |    414 |      0 |      0 |    254 |   1 |  414.0 |
       Dungeon |    414 |    414 |      0 |      0 |    254 |   1 |  414.0 |
               +--------+--------+--------+--------+--------+-----+--------+

Top non-repeatable levels by time:
     D:1: 414 daAuts
